Map: Coda LE

Players

Pseudorandom - Winner!

GameOfDrones

  • Race: Zerg Zerg
  • Spawn Location: 11:00

VOD

Have the link to the VOD?

Description

Time

  • Played on: March 31, 2015, 10:50 p.m.
  • Length: 10:33
Show
View Real Time Build Order
Export as new Build Order

Pseudorandom Zerg - Winner!

Build Orders: Pool First, Muta Ling Bane, Zergling Baneling, Zergling Mutalisk 

Get SALT Encoding   

  12  0:01  Drone  
  13  0:09  Drone  
  14  0:29  Spawning Pool  
  14  0:32  Drone  
  14  0:40  Overlord  
  14  0:50  Drone, Extractor  
  15  0:58  Drone x2  
  17  1:07  Drone  
  18  1:16  Queen  
  20  1:29  Hatchery  
  20  1:32  Drone  
  20  1:36  Drone  
  20  1:39  Extractor  
  20  1:42  Zergling x2  
  21  1:48  Overlord  
  21  1:58  Drone  
  22  2:07  Queen  
  24  2:09  Drone  
  25  2:19  Overlord  
  25  2:24  Drone x3  
  25  2:25  Drone  
  29  2:33  Drone  
  30  2:41  Spine Crawler  
  30  2:42  Zergling x2  
  30  2:49  Zergling x2  
  31  2:56  Zergling x4  
  33  3:01  Zergling x6  
  33  3:02  Zergling x2  
  37  3:05  Metabolic Boost  
  37  3:09  Zergling x2  
  37  3:10  Zergling x2  
  39  3:25  Baneling Nest  
  33  3:40  Zergling x4  
  33  3:41  Zergling x8  
  28  3:53  Zergling x2  
  28  3:54  Zergling x2  
  30  4:07  Zergling x4  
  32  4:10  Baneling x2  
  32  4:13  Zergling x4  
  34  4:19  Baneling x2  
  34  4:21  Baneling x2  
  27  4:41  Zergling x8  
  27  4:42  Queen  
  30  4:49  Baneling x2  
  30  4:54  Queen  
  30  4:55  Drone x2  
  34  5:05  Zergling x4  
  36  5:16  Zergling x4  
  38  5:24  Spine Crawler  
  38  5:25  Drone x2  
  38  5:28  Baneling x2  
  39  5:33  Overlord  
  39  5:34  Drone  
  40  5:45  Drone x2  
  42  5:55  Lair, Extractor  
  42  5:56  Drone x2  
  42  5:57  Drone x2  
  39  6:07  Drone x5  
  43  6:19  Drone x5  
  43  6:22  Extractor  
  43  6:23  Spine Crawler  
  46  6:28  Spine Crawler  
  45  6:35  Drone x2  
  45  6:38  Drone  
  48  6:40  Drone, Extractor  
  48  6:41  Drone x2  
  48  6:43  Overlord  
  48  6:47  Overlord  
  50  7:03  Spire  
  50  7:06  Drone  
  50  7:07  Drone  
  50  7:08  Overlord  
  51  7:10  Drone x2  
  51  7:11  Zergling x8  
  57  7:23  Zergling x6  
  57  7:43  Hatchery  
  56  7:46  Drone x2  
  56  7:51  Spine Crawler  
  57  7:55  Overlord  
  57  8:10  Drone x2  
  59  8:16  Mutalisk x7  
  59  8:18  Mutalisk  
  75  8:27  Zerg Flyer Weapons Level 1  
  75  8:33  Zergling x6  
  75  8:34  Zergling x8, Extractor  
  80  8:35  Extractor  
  80  8:42  Drone  
  80  8:45  Evolution Chamber  
  80  8:46  Drone  
  81  8:54  Overlord x2  
  81  8:55  Mutalisk x2  
  81  8:56  Mutalisk  
  81  8:57  Drone x2  
  89  9:12  Overlord  
  89  9:16  Mutalisk  
  91  9:21  Mutalisk  
  92  9:34  Zergling x18  
  92  9:35  Zergling x2  
  95  9:50  Mutalisk x4  
  102  9:57  Mutalisk  
  102  9:58  Mutalisk  
  92  10:04  Spine Crawler  
  92  10:05  Spine Crawler  
  89  10:08  Overseer  
Show
View Real Time Build Order
Export as new Build Order

GameOfDrones Zerg 

Build Orders: Pool First, Zergling Baneling, Roach Aggression 

Get SALT Encoding   

  12  0:01  Drone  
  13  0:13  Overlord  
  13  0:18  Drone  
  14  0:23  Drone, Extractor  
  15  0:32  Drone  
  16  0:42  Spawning Pool  
  16  0:47  Extractor  
  14  0:51  Drone  
  14  0:52  Drone  
  14  0:56  Drone  
  17  1:07  Drone  
  18  1:18  Drone  
  19  1:29  Queen  
  21  1:33  Overlord  
  21  1:49  Metabolic Boost  
  21  1:50  Zergling x2  
  21  1:51  Zergling x2  
  23  2:02  Zergling x2  
  24  2:10  Baneling Nest  
  24  2:12  Overlord  
  23  2:23  Zergling x2  
  24  2:33  Zergling x2  
  25  2:43  Zergling x8  
  29  2:52  Zergling x2  
  29  2:57  Hatchery  
  29  3:06  Baneling x3  
  29  3:07  Baneling x2  
  29  3:09  Baneling  
  29  3:15  Zergling x4  
  29  3:18  Zergling x8  
  30  3:41  Zergling x4  
  28  3:49  Zergling x2  
  28  3:50  Zergling x8  
  31  4:06  Zergling x2  
  31  4:11  Baneling  
  31  4:12  Baneling x6  
  31  4:21  Queen  
  31  4:23  Zergling x10  
  28  4:41  Zergling x4  
  31  4:45  Zergling x2  
  31  4:48  Zergling x6  
  32  5:12  Drone  
  32  5:13  Drone x3  
  36  5:18  Drone x4  
  40  5:22  Baneling x3  
  40  5:26  Drone  
  41  5:37  Overlord  
  41  5:47  Drone x3  
  36  6:00  Drone x7  
  38  6:12  Drone x3  
  41  6:20  Extractor  
  41  6:21  Roach Warren, Extractor  
  41  6:25  Drone  
  39  6:37  Drone x6  
  45  6:41  Overlord  
  45  6:52  Lair  
  45  6:58  Evolution Chamber  
  44  7:08  Overlord, Roach  
  44  7:09  Roach x2  
  50  7:24  Zerg Missile Weapons Level 1  
  50  7:37  Roach x7  
  62  7:45  Drone x2  
  62  7:47  Overlord  
  64  7:52  Glial Reconstitution  
  64  7:57  Overlord x2  
  66  8:05  Roach  
  66  8:06  Roach x2  
  70  8:19  Roach x4  
  80  8:20  Roach  
  80  8:26  Overlord  
  80  8:27  Overlord  
  80  8:36  Roach  
  80  8:37  Roach x2  
  84  8:48  Overlord  
  84  8:49  Roach x3  
  84  8:50  Roach  
  92  9:05  Roach x5  
  101  9:12  Spore Crawler  
  101  9:14  Spore Crawler  
  99  9:19  Spore Crawler, Queen  
  98  9:26  Spore Crawler  
  74  9:55  Drone x7  
  62  10:07  Drone  
  62  10:08  Drone x3  
Tags
 
Add a new tag
Caveats
  • Supply blocks, unpowered buildings, or Contaminate may cause inaccurate times.
  • Supply counts are checked every 10 seconds.